 Dungeon Crawl Stone Soup version 0.26-a0-1053-gaff5f71418 (webtiles) character file.

Game seed: 4426063650839792687

162 polelong the Conjurer (level 5, 0/35 HPs)
             Began as a Human Conjurer on Dec 13, 2020.
             Slain by a sky beast (2 damage)
             ... on level 3 of the Dungeon.
             The game lasted 00:16:08 (2487 turns).

polelong the Conjurer (Human Conjurer)              Turns: 2487, Time: 00:16:08

Health: 0/35       AC:  2    Str:  8    XL:     5   Next: 71%
Magic:  7/9        EV: 12    Int: 19    God:
Gold:   170        SH:  0    Dex: 11    Spells: 7/10 levels left

rFire    + . .     SeeInvis .   h - +0 mace (curse)
rCold    + . .     Faith    .   (no shield)
rNeg     . . .     Spirit   .   a - +0 robe
rPois    +         Reflect  .   (no helmet)
rElec    +         Harm     .   (no cloak)
rCorr    +         Rampage  .   (no gloves)
Will     .....                  (no boots)
Stlth    ++........             j - amulet of magic regeneration
HPRegen  0.11/turn              (no ring)
MPRegen  0.36/turn              (no ring)

@: resistant
A: no striking features
a: no special abilities


You were on level 3 of the Dungeon.
You visited 1 branch of the dungeon, and saw 3 of its levels.

You collected 170 gold pieces.

Inventory:

Hand Weapons
 c - a +0 spear
 h - a cursed +0 mace (weapon)
Armour
 a - a +0 robe (worn)
Jewellery
 b - an uncursed amulet of the acrobat
 j - an amulet of magic regeneration (around neck)
Scrolls
 e - a scroll of amnesia {unknown}
 f - 3 scrolls of identify {unknown}
 i - a scroll of magic mapping {unknown}
 l - a scroll of blinking {unknown}
 o - 2 scrolls of teleportation {unknown}
 p - a scroll of fog {unknown}
 q - a scroll of remove curse {unknown}
 r - a scroll of noise {unknown}
Potions
 d - 2 potions of resistance
 g - 2 potions of might {unknown}
 k - 2 potions of heal wounds {unknown}
 m - a potion of flight {unknown}
 n - 2 potions of attraction {unknown}


   Skills:
 + Level 2.4 Dodging
 * Level 2.7 Stealth
 + Level 3.3 Spellcasting
 + Level 5.2 Conjurations


You had 7 spell levels left.
You knew the following spells:

 Your Spells              Type           Power        Failure   Level
a - Magic Dart            Conj           ###.         1%          1
b - Searing Ray           Conj           ###...       2%          2

Your spell library contained the following spells:

 Spells                   Type           Power        Failure   Level
 Dazzling Flash           Conj/Hex       ##....       16%         3
 Fulminant Prism          Conj/Hex       ##........   45%         4
 Iskenderun's Mystic Bla  Conj/Tloc      ##......     45%         4


Dungeon Overview and Level Annotations

Branches:
Dungeon (3/15)

Altars:
Fedhas
Hepliaklqana
Okawaru
Ru


Message History

Press: ? - help, Shift-Dir - straight line, f/p - giant cockroach
Aim: a giant cockroach (moderately wounded, 0% to evade)
The magic dart hits the giant cockroach.
The giant cockroach is almost dead.
Something barely misses you. The giant cockroach misses you.
Casting: Magic Dart (safe; 1% risk of failure)
Confirm with . or Enter, or press ? or * to list all spells.
Aiming: Magic Dart (safe; 1% risk of failure)
Press: ? - help, Shift-Dir - straight line, f/p - giant cockroach
Aim: a giant cockroach (almost dead, 0% to evade)
The magic dart hits the giant cockroach.
You kill the giant cockroach!
Something hits you. Something shocks you.
* * * LOW HITPOINT WARNING * * *
It was a potion of resistance.
You feel protected. Something hits you.
* * * LOW HITPOINT WARNING * * *
Something shocks you. You resist.
You die...

. .######## .....
..#########
#.....#.##.#.....
......#.#....#
#.# #......@.#
#.# ###.#...## ##
#.#####.##.## #.
#.......##.# #.
#.########.#
###.# ##'## #...#
##...## #.###
##.....## #..##
##.......##


There were no monsters in sight!

Vanquished Creatures
  An orc wizard (D:3)
  5 adders (D:2)
  4 worms
  2 dart slugs
  2 leopard geckos (D:1)
  6 orcs
  A ball python (D:2)
  2 giant cockroaches
  8 goblins
  10 hobgoblins
  3 kobolds (D:1)
  A quokka (D:2)
  12 bats
  3 frilled lizards
  9 rats
69 creatures vanquished.

Notes
Turn   | Place    | Note
-------+----------+-------------------------------------------
     0 | D:1      | polelong the Human Conjurer began the quest for the Orb.
     0 | D:1      | Reached XP level 1. HP: 13/13 MP: 3/3
   330 | D:1      | Reached XP level 2. HP: 19/19 MP: 1/5
   386 | D:1      | Learned a level 2 spell: Searing Ray
   717 | D:1      | Reached XP level 3. HP: 24/24 MP: 4/6
  1220 | D:2      | Reached XP level 4. HP: 28/30 MP: 1/7
  1258 | D:2      | Found an iron altar of Okawaru.
  1372 | D:2      | Reached skill level 5 in Conjurations
  1652 | D:2      | Reached XP level 5. HP: 34/35 MP: 3/9
  1938 | D:3      | Found a hazy altar of Hepliaklqana.
  1997 | D:3      | Found a blossoming altar of Fedhas.
  2202 | D:3      | Found a sacrificial altar of Ru.
  2463 | D:3      | Noticed a sky beast
  2487 | D:3      | Slain by a sky beast

Illustrated notes

Levels and vault maps discovered:
D:1:      dpeg_arrival_pits, layout_basic, chequers_avenue, st_stairs_7,
          nrook_loot_triangle
D:2:      layout_loops_ring, okawaru_gym_becter, minmay_misc_feat_room,
          guppyfry_early_orc_mine
D:3:      layout_loops_corners, fedhas_altar_1, general_overflow_altar,
          nicolae_ru_great_annihilating_truth, cheibrodos_sewer_entry_bend,
          kennysheep_generic_room_2

Skill      XL: |  1  2  3  4  5 |
---------------+----------------+-----
Conjurations   | 5 |  5.2
Spellcasting   | 3 |  3.3
Dodging        | |  2.4
Stealth        | |  2.7

Action                   |  1- 3 |  4- 6 || total
-------------------------+-------+-------++-------
Melee: Mace              |     6 |     6 ||    12
 Cast: Magic Dart        |    49 |    68 ||   117
       Searing Ray       |     1 |    10 ||    11
  Use: Potion            |       |     1 ||     1
Armor: Robe              |       |     6 ||     6
Dodge: Dodged            |     5 |     7 ||    12

Table legend: (Time is in decaauts)
 A = Elapsed time spent in this place.
 B = Non-inter-level travel time spent in this place.
 C = Inter-level travel time spent in this place.
 D = Time resting spent in this place.
 E = Time spent auto-exploring this place.
 F = Levels seen in this place.
 G = Mean time per level.
                   A        B        C        D        E       F      G
               +--------+--------+--------+--------+--------+-----+--------+
         Total |   2490 |   2001 |    489 |     68 |   1551 |   3 |  830.0 |
       Dungeon |   2490 |   2001 |    489 |     68 |   1551 |   3 |  830.0 |
               +--------+--------+--------+--------+--------+-----+--------+

Top non-repeatable levels by time:
     D:1: 1099 daAuts
     D:2: 811 daAuts
     D:3: 579 daAuts
